 Dungeon Crawl Stone Soup version 0.27.0-1-g7a089689b8 (webtiles) character file.

Game seed: 7303047390432219552

161 sanka the Sneak (level 5, -4/33 HPs)
             Began as a Kobold Delver on Aug 4, 2021.
             Slain by Duvessa (10 damage)
             ... on level 4 of the Dungeon.
             The game lasted 00:06:32 (4850 turns).

sanka the Sneak (Kobold Delver)                     Turns: 4850, Time: 00:06:32

Health: -4/33      AC:  7    Str: 10    XL:     5   Next: 70%
Magic:  5/5        EV: 14    Int: 12    God:
Gold:   19         SH:  0    Dex: 16    Spells: 4/4 levels left

rFire    . . .     SeeInvis .     - Unarmed
rCold    + . .     Faith    .   (shield restricted)
rNeg     . . .     Spirit   .   a - +0 leather armour
rPois    .         Reflect  .   (no helmet)
rElec    .         Harm     .   v - +0 cloak
rCorr    .         Rampage  .   k - +0 pair of gloves
Will     .....                  u - +1 pair of boots
Stlth    ++++......             (no amulet)
HPRegen  0.11/turn              (no ring)
MPRegen  0.09/turn              l - ring of protection from cold

@: hasted, very quick
A: small, no large weapons, nightstalker 3
a: no special abilities


You were on level 4 of the Dungeon.
You visited 1 branch of the dungeon, and saw 5 of its levels.

You collected 259 gold pieces.
You spent 240 gold pieces at shops.


Innate Abilities, Weirdness & Mutations

You are small and have problems with some larger weapons.
You are completely attuned to the shadows.


   Skills:
 - Level 4.0 Fighting
 - Level 2.4 Dodging
 - Level 7.0 Stealth
 + Level 4.8 Unarmed Combat


You had 4 spell levels left.
You didn't know any spells.
Your spell library contained the following spells:

 Spells                   Type           Power      Damage    Failure   Level
 Pain                     Necr           0%         1d4       41%         1
 Agony                    Necr           0%         N/A       100%        5
 Excruciating Wounds      Necr           0%         N/A       100%        5

Inventory:

Missiles
 i - 112 stones (quivered)
Armour
 a - a +0 leather armour (worn)
 k - a +0 pair of gloves (worn)
 m - a scarf of invisibility
 u - a +1 pair of boots (worn)
 v - a +0 cloak (worn)
Magical Staves
 x - a staff of cold
Jewellery
 l - a ring of protection from cold (right hand)
Wands
 f - a wand of digging (3)
Scrolls
 b - a scroll of fog
 c - a scroll of magic mapping
 d - 2 scrolls of fear
 g - a scroll of immolation {unknown}
 o - 2 scrolls of teleportation {@r4}
 p - a scroll of enchant weapon {unknown}
 r - a scroll of enchant armour
 s - a scroll of holy word
 y - a scroll of identify {@r1}
Potions
 e - a potion of haste {@q3}
 h - a potion of degeneration {!q}
 j - 3 potions of curing {@q1}
 n - 2 potions of flight
 q - a potion of mutation {unknown}
 t - 2 potions of heal wounds {unknown}
 w - a potion of invisibility {unknown}

Dungeon Overview and Level Annotations

Branches:
Dungeon (5/15)
 Temple: D:4-7

Altars:
Hepliaklqana

Shops:
D:5 (!?*

Annotations:
D:4 Dowan, Duvessa
D:5 Grinder, Menkaure

▒..........▒
▒..........▒
▒..........▒▒▒
.............
▒..........▒▒▒▒
▒▒............▒
▒..........▒▒.▒▒▒
...........▒▒...▒▒
...........▒▒▒▒eK▒▒
▒.▒ ▒..........▒
▒▒..▒▒▒▒▒▒▒▒.▒
▒▒.........▒
▒▒.......▒▒.▒
J▒▒.......▒▒
▒▒▒▒▒▒▒..▒.▒
▒▒.......▒▒
▒▒.▒.▒▒▒▒▒▒
▒.....▒▒▒▒▒▒▒▒
▒........▒
.......g.g...▒▒
▒▒▒.▒▒▒▒..
......▒▒▒▒.....
.........
......▒▒▒▒>..▒▒
▒.▒▒▒▒▒▒..


You could see Duvessa (fast).


Message History

No target in view!
Found 4 gold pieces.
Found a leather armour.
The goblin shouts!
A quokka and Duvessa come into view.
Duvessa is wielding a +0 rapier of speed.
The quokka moves out of view.
Duvessa shouts!
You hear an angry growl.
You hear a shout!
Duvessa drinks a potion.
Duvessa seems to speed up.
Duvessa barely misses you. Duvessa completely misses you.
Duvessa hits you with a +0 rapier of speed.
Duvessa misses you.
Duvessa hits you with a +0 rapier of speed.
Duvessa hits you but does no damage.
Duvessa hits you with a +0 rapier of speed.
Duvessa hits you with a +0 rapier of speed!
* * * LOW HITPOINT WARNING * * *
Here: Duvessa, wielding a +0 rapier of speed and wearing a +0 scale mail (fast)
The floor.
Duvessa hits you with a +0 rapier of speed!
* * * LOW HITPOINT WARNING * * *
Duvessa hits you but does no damage.
You feel yourself speed up. Duvessa barely misses you.
Duvessa hits you with a +0 rapier of speed!
You die...

Action                   |  1- 3 |  4- 6 || total
-------------------------+-------+-------++-------
Melee: Unarmed           |   204 |   155 ||   359
       Punch             |     2 |     1 ||     3
  Use: Potion            |     2 |     1 ||     3
       Scroll            |       |     3 ||     3
 Stab: Sleeping          |    16 |    16 ||    32
Armor: Leather armour    |    56 |    46 ||   102
Dodge: Dodged            |   185 |   109 ||   294

Levels and vault maps discovered:
D:1:      dpeg_arrival_round_c, layout_basic,
          ebering_ecumenical_altar_abandoned, st_stairs_7, minmay_pentomino_u2
D:2:      layout_basic, basic_altar, kennysheep_donut, bh_walls_and_bars
D:3:      layout_rooms
D:4:      layout_rooms, cheibrodos_sewer_entry_sluice,
          minmay_fractal_squares_gapless_5, uniq_duvessa, uniq_natasha
D:5:      layout_loops_cross, serial_rivers, chequers_serial_rivers_micro_c,
          chequers_serial_rivers_micro_a, chequers_serial_rivers_micro_e,
          chequers_serial_rivers_room_a, chequers_serial_rivers_micro_c,
          serial_shops, shop, nicolae_shop_behind_doors, kennysheep_mini,
          nicolae_shop_statue_plus, shop_coins, uniq_grinder, uniq_menkaure,
          uniq_blork_the_orc

Notes
Turn   | Place    | Note
-------+----------+-------------------------------------------
     0 | D:5      | sanka the Kobold Delver began the quest for the Orb.
     0 | D:5      | Reached XP level 1. HP: 14/14 MP: 1/1
    51 | D:5      | Found Keywar's Antique Weapon Boutique.
   113 | D:4      | Noticed a black bear
   114 | D:4      | Noticed a black bear
   395 | D:3      | Reached skill level 7 in Stealth
   411 | D:3      | Reached XP level 2. HP: 4/19 MP: 2/2
   425 | D:3      | HP: 1/19 [jackal (1)]
  1081 | D:3      | Reached skill level 4 in Fighting
  1101 | D:3      | Reached XP level 3. HP: 6/24 MP: 3/3
  1958 | D:2      | Reached skill level 3 in Unarmed Combat
  2242 | D:2      | Found a hazy altar of Hepliaklqana.
  2440 | D:2      | Reached XP level 4. HP: 29/29 MP: 4/4
  3162 | D:1      | Found a faded altar of an unknown god.
  4088 | D:4      | Reached skill level 4 in Unarmed Combat
  4175 | D:4      | Noticed Dowan
  4192 | D:5      | Noticed Menkaure
  4195 | D:5      | Noticed Grinder
  4219 | D:5      | Reached XP level 5. HP: 28/33 MP: 5/5
  4295 | D:5      | Found Abunaic's Distillery.
  4317 | D:5      | Bought 2 potions of curing for 90 gold pieces
  4317 | D:5      | Bought a potion of haste for 150 gold pieces
  4415 | D:5      | Found Uriymm's Magic Scroll Emporium.
  4464 | D:5      | Found Noduatag's General Store.
  4829 | D:4      | Noticed Duvessa
  4850 | D:4      | Slain by Duvessa

Vanquished Creatures
  A centaur skeleton (D:5)
  A hound skeleton (D:4)
  4 adders
  A worm (D:2)
  A dart slug (D:1)
  4 orcs (D:5)
  8 endoplasms
  3 giant cockroaches
  A goblin (D:4)
  2 hobgoblins (D:3)
  11 jackals
  2 quokkas
  12 ball pythons
  6 bats
  5 frilled lizards (D:1)
  3 kobolds
  7 rats
72 creatures vanquished.
